 Dungeon Crawl Stone Soup version 0.30-a0-718-geaa24f58ff (webtiles) character file.

Game seed: 13728429155321509976

342 funkygono the Firebug (level 6, -11/32 HPs)
             Began as a Gargoyle Fire Elementalist on Jan 25, 2023.
             Mangled by an orc warrior
             ... wielding a +3 battleaxe
              (17 damage)
             ... on level 5 of the Dungeon.
             The game lasted 00:06:23 (4508 turns).

funkygono the Firebug (Gargoyle Fire Elementalist)  Turns: 4508, Time: 00:06:24

Health: -11/32     AC: 14    Str: 11    XL:     6   Next: 57%
Magic:  1/11       EV: 11    Int: 18    God:
Gold:   168        SH:  0    Dex: 10    Spells: 2/12 levels left

rFire   . . .      SeeInvis .    t - +0 hammer
rCold   . . .      Faith    .    (no shield)
rNeg    + . .      Spirit   .    i - +0 leather armour
rPois   ∞          Reflect  .    r - +0 helmet
rElec   +          Harm     .    x - +0 cloak
rCorr   .          Rampage  .    E - +0 pair of gloves
Will    .....                    (no boots)
Stlth   ++                       y - amulet of regeneration
HPRegen 1.05/turn                u - +4 ring of protection
MPRegen 0.12/turn                (no ring)

@: no status effects
A: sickness immunity, AC +4, negative energy resistance 1, electricity
resistance, torment resistance 1, petrification resistance
a: no special abilities


You were on level 5 of the Dungeon.
You visited 1 branch of the dungeon, and saw 5 of its levels.

You collected 168 gold pieces.

Inventory:

Hand Weapons
 b - a +2 quarterstaff of chaos
 d - a +0 dagger
 t - a +0 hammer (weapon)
 w - a +1 hammer of distortion
 F - a +0 whip
Armour
 a - a +0 robe
 e - a scarf of shadows
 i - a +0 leather armour (worn)
 r - a +0 helmet (worn)
 x - a +0 cloak (worn)
 E - a +0 pair of gloves (worn)
Jewellery
 u - a +4 ring of protection (left hand)
 y - an amulet of regeneration (around neck)
Scrolls
 c - a scroll of fear {unknown}
 f - 4 scrolls of noise {unknown}
 g - 6 scrolls of teleportation {unknown}
 j - 2 scrolls of poison {unknown}
 k - a scroll of acquirement {unknown}
 n - a scroll of enchant armour {unknown}
 o - 2 scrolls of vulnerability {unknown}
 p - 4 scrolls of silence {unknown}
 B - 3 scrolls of identify {unknown}
 C - a scroll of enchant weapon {unknown}
 D - a scroll of immolation {unknown}
Potions
 h - 2 potions of heal wounds {unknown}
 l - a potion of attraction {unknown}
 q - a potion of brilliance {unknown}
 s - a potion of mutation {unknown}
 v - a potion of haste {unknown}
 A - a potion of magic
 G - 2 potions of curing
 H - a potion of invisibility {unknown}
 I - a potion of degeneration {unknown}
 J - a potion of flight {unknown}


   Skills:
 + Level 1.4 Armour
 + Level 2.0 Dodging
 - Level 2.1 Stealth
 + Level 3.8 Spellcasting
 + Level 3.1 Conjurations
 + Level 4.9 Fire Magic


You had 2 spell levels left.
You knew the following spells:

 Your Spells              Type           Power      Damage    Failure   Level
a - Foxfire               Conj/Fire      68%        2x1d7     3%          1
b - Scorch                Fire           42%        2d7       4%          2
c - Kindle Blastsparks    Fire/Tloc/Air  18%        2d11      30%         3
d - Flame Wave            Conj/Fire      17%        2d7       36%         4

Your spell library contained the following spells:

 Spells                   Type           Power      Damage    Failure   Level
 Static Discharge         Conj/Air       18%        2-3/arc   16%         2
 Beastly Appendage        Tmut           6%         N/A       21%         1
 Necrotise                Necr           12%        1d4       21%         1
 Wereblood                Tmut           3%         N/A       30%         2
 Inner Flame              Hex/Fire       12%        N/A       22%         3
 Spider Form              Tmut/Pois      3%         N/A       52%         3
 Summon Guardian Golem    Hex/Summ       3%         N/A       52%         3
 Vampiric Draining        Necr           3%         2d6       52%         3
 Vhi's Electric Charge    Tloc/Air       6%         N/A       52%         3
 Arcjolt                  Conj/Air       4%         1d14      96%         5
 Lightning Bolt           Conj/Air       4%         1d16      96%         5
 Agony                    Necr           3%         N/A       99%         5
 Orb of Destruction       Conj           7%         9d6       100%        7
 Spellforged Servitor     Conj/Summ      4%         N/A       100%        7
 Maxwell's Capacitive Co  Air            1%         ∞         100%        8


Dungeon Overview and Level Annotations

Branches:
Dungeon (5/15)
 Temple: D:4-7

Altars:

Shops:
D:1 (


Innate Abilities, Weirdness & Mutations

You are immune to sickness and miasma.
Your stone body is resilient. (AC +4)
You are immune to poison.
You resist negative energy. (rN+)
You are resistant to electric shocks. (rElec)
You are resistant to unholy torment.
You are immune to petrification.


Message History

You hit the orc warrior but do no damage.
The orc warrior is severely wounded.
The foxfire hits the white imp.
The white imp is burned terribly!
You kill the white imp!
The foxfire hits the orc warrior but does no damage.
The orc warrior is severely wounded.
The orc barely misses you.
The orc warrior hits you with a +3 battleaxe!
An adder comes into view.
The orc warrior hits you with a +3 battleaxe!
* * * LOW HITPOINT WARNING * * *
The orc warrior attacks as you move away!
The orc warrior hits you with a +3 battleaxe.
* * * LOW HITPOINT WARNING * * *
You feel better. The orc hits you but does no damage.
The orc warrior barely misses you.
Casting: Foxfire (safe; 3% risk of failure)
Confirm with . or Enter, or press ? or * to list all spells.
You don't have enough magic to cast this spell.
Unknown command.
It was a potion of cancellation.
You feel magically purged.
The orc warrior hits you with a +3 battleaxe!
* * * LOW HITPOINT WARNING * * *
The orc hits you from afar with a +0 trident.
* * * LOW HITPOINT WARNING * * *
Casting: Foxfire (safe; 3% risk of failure)
Confirm with . or Enter, or press ? or * to list all spells.
You don't have enough magic to cast this spell.
Unknown command.
Casting: Foxfire (safe; 3% risk of failure)
Confirm with . or Enter, or press ? or * to list all spells.
You don't have enough magic to cast this spell.
Unknown command.
Okay, then.
As you read the scroll labelled DUL SEFACOCADGH, it crumbles to dust.
You feel aware of your surroundings.
It was a scroll of magic mapping.
The orc barely misses you.
The orc warrior hits you with a +3 battleaxe!
Ouch! That really hurt!
You die...

**,,,,,,,,,,,,,,**,***,,,,
***,,,#**....,,**,**,,,,,
***,.##....#,,,,,,,,,,, ###
**$......#***.*,,,,,, #.#
*#.##...###..*,,,,,, #.#####
#.##.#..>..#*,,,,,, #.....#
#.##.(....##*,,,,,,
#####.########.##.(......,,,,,,,
#...#......@oo$)...#**,,,,,,
###..##....##....#..#*,,,,,, ##
##....##.##....#,,,,,,,,,, .#
######............#,>,,,,,,,,
.####................)..,,,,,,,,,
...###..##.##....#.###.$.,,,,,,,,
##.................>#*....,,,,,,,
###....##....#....S.,,...,,,,,,,
#............##,*,,,,,,,,,,,,,


You could see an orc warrior and an orc.

Vanquished Creatures
  A hound (D:5)
  Crazy Yiuf (D:2)
  An iguana (D:4)
  Natasha (thrice) (D:2)
  An orc wizard (D:4)
  Robin (D:2)
  5 adders
  A white imp (D:5)
  2 worms (D:2)
  2 dart slugs (D:2)
  4 orcs
  6 ball pythons
  8 endoplasms
  A giant cockroach (D:1)
  8 hobgoblins
  6 jackals (D:1)
  6 kobolds
  3 quokkas
  A bat (D:1)
  A frilled lizard (D:2)
  17 goblins
  2 rats (D:2)
81 creatures vanquished.

Vanquished Creatures (others)
  272 foxfires
  3 fungi (D:2)
  A plant (D:1)
276 creatures vanquished.

Grand Total: 357 creatures vanquished

Notes
Turn   | Place    | Note
-------+----------+-------------------------------------------
     0 | D:1      | funkygono the Gargoyle Fire Elementalist began the quest
                  | for the Orb.
     0 | D:1      | Reached XP level 1. HP: 10/10 MP: 3/3
   239 | D:1      | Reached XP level 2. HP: 15/15 MP: 0/5
   242 | D:1      | Learned a level 2 spell: Scorch
   906 | D:1      | Found Yxiy's Weapon Shoppe.
   912 | D:1      | Reached XP level 3. HP: 19/19 MP: 2/6
   916 | D:1      | Learned a level 3 spell: Kindle Blastsparks
  1176 | D:2      | Noticed Natasha
  1201 | D:2      | Killed Natasha
  1362 | D:2      | Reached XP level 4. HP: 24/24 MP: 1/7
  1410 | D:2      | Noticed Natasha
  1414 | D:2      | Killed Natasha
  1415 | D:2      | Reached skill level 4 in Fire Magic
  1583 | D:2      | Noticed Natasha
  1586 | D:2      | Noticed Robin
  1617 | D:2      | Killed Natasha
  1618 | D:2      | Reached XP level 5. HP: 18/28 MP: 1/9
  1637 | D:2      | Killed Robin
  2855 | D:2      | Found a runed translucent door.
  2856 | D:2      | Noticed Crazy Yiuf
  2869 | D:2      | Killed Crazy Yiuf
  3801 | D:3      | Learned a level 4 spell: Flame Wave
  3925 | D:4      | Reached XP level 6. HP: 32/32 MP: 8/11
  3935 | D:4      | Reached skill level 1 in Armour
  4342 | D:5      | Entered Level 5 of the Dungeon
  4490 | D:5      | Noticed an orc warrior
  4505 | D:5      | HP: 1/32 [orc warrior/+3 battleaxe (3)]
  4508 | D:5      | Mangled by an orc warrior

Illustrated notes

Levels and vault maps discovered:
D:1:      spicycebolla_arrival_ecumenical, layout_basic, serial_shops,
          nicolae_shop_bloodbath_and_beyond, minmay_liquid_box,
          minmay_shallow_snake_nest
D:2:      minmay_recursive_quarters, layout_basic, uniq_robin, uniq_natasha,
          uniq_crazy_yiuf_cottage
D:3:      layout_basic, minmay_distorted
D:4:      layout_rooms
D:5:      layout_rooms, nicolae_nh_ransacked_shop

Skill      XL: |  1  2  3  4  5  6 |
---------------+-------------------+-----
Conjurations   | 2 3 |  3.1
Fire Magic     | 4 |  4.9
Spellcasting   | 3 |  3.8
Dodging        | 2 |  2.0
Armour         | 1 |  1.4
Stealth        | |  2.1

Action                     |  1- 3 |  4- 6 || total
---------------------------+-------+-------++-------
  Melee: Dagger            |     4 |     1 ||     5
         Club              |       |    10 ||    10
         Mace              |       |     3 ||     3
   Cast: Foxfire           |    46 |   113 ||   159
         Scorch            |     3 |    14 ||    17
    Use: Potion            |       |     3 ||     3
         Scroll            |       |     1 ||     1
 Armour: Robe              |     3 |     6 ||     9
         Leather armour    |       |     8 ||     8
  Dodge: Dodged            |    17 |    20 ||    37

Table legend: (Time is in decaauts)
 A = Elapsed time spent in this place.
 B = Non-inter-level travel time spent in this place.
 C = Inter-level travel time spent in this place.
 D = Time resting spent in this place.
 E = Time spent auto-exploring this place.
 F = Levels seen in this place.
 G = Mean time per level.
                   A        B        C        D        E       F      G
               +--------+--------+--------+--------+--------+-----+--------+
         Total |   4516 |   4235 |    281 |    144 |   3384 |   5 |  903.2 |
       Dungeon |   4516 |   4235 |    281 |    144 |   3384 |   5 |  903.2 |
               +--------+--------+--------+--------+--------+-----+--------+

Top non-repeatable levels by time:
     D:2: 2073 daAuts
     D:1: 1110 daAuts
     D:3: 648 daAuts
     D:4: 517 daAuts
     D:5: 166 daAuts
